Map: Ruins of Seras

Players

Javert

  • Race: Zerg Zerg
  • League: Gold

Jin - Winner!

  • Race: Protoss Protoss
  • League: Gold

VOD

Have the link to the VOD?

Description

Time

  • Played on: Sept. 14, 2015, 8:21 p.m.
  • Length: 6:58
Show
View Real Time Build Order
Export as new Build Order

Javert Zerg 

Build Orders: Hatch First 

Get SALT Encoding   

  12  0:01  Drone  
  13  0:14  Overlord  
  13  0:18  Drone  
  14  0:33  Drone x2  
  16  0:37  Drone  
  17  0:58  Hatchery  
  17  1:01  Drone  
  17  1:03  Drone  
  18  1:06  Extractor  
  18  1:10  Drone  
  18  1:27  Spawning Pool  
  18  1:29  Drone  
  18  1:54  Overlord  
  18  1:55  Drone  
  18  1:56  Drone  
  20  2:14  Hatchery  
  19  2:15  Metabolic Boost  
  19  2:23  Queen  
  21  2:33  Drone x3  
  24  2:44  Queen  
  24  2:49  Drone  
  27  2:52  Drone  
  27  2:54  Drone  
  29  3:08  Drone x5  
  34  3:15  Queen  
  36  3:21  Overlord  
  36  3:34  Roach Warren, Drone x2, Extractor  
  36  3:35  Drone, Extractor  
  36  3:46  Queen  
  38  3:49  Drone x3  
  38  3:52  Zergling x2  
  42  4:01  Drone  
  42  4:02  Drone x4  
  47  4:07  Overlord  
  47  4:12  Lair  
  47  4:20  Overlord  
  47  4:27  Overlord  
  47  4:35  Roach  
  47  4:36  Roach x4  
  57  4:42  Extractor  
  56  4:48  Roach  
  56  4:49  Roach x4  
  65  4:56  Spine Crawler  
  64  5:00  Overlord  
  64  5:03  Drone  
  64  5:04  Drone  
  64  5:05  Spine Crawler  
  65  5:09  Evolution Chamber  
  64  5:15  Overlord  
  64  5:24  Roach  
  64  5:25  Roach x3  
  72  5:34  Glial Reconstitution  
  72  5:38  Ravager x5  
  72  5:39  Ravager  
  72  5:42  Zergling x6  
  81  5:44  Zergling x2  
  82  5:53  Overlord x2  
  62  6:18  Zergling x2  
  62  6:19  Zergling x22  
  65  6:27  Zergling x2  
  65  6:28  Zergling x6  
Show
View Real Time Build Order
Export as new Build Order

Jin Protoss - Winner!

Build Orders: Nexus First 

Get SALT Encoding   

  12  0:00  Probe (Chrono Boost)  
  13  0:10  Probe (Chrono Boost)  
  14  0:41  Nexus  
  14  0:51  Pylon  
  14  0:53  Probe (Chrono Boost)  
  15  1:08  Probe (Chrono Boost)  
  15  1:10  Gateway  
  16  1:16  Assimilator  
  16  1:19  Probe (Chrono Boost)  
  17  1:29  Probe (Chrono Boost)  
  18  1:35  Pylon  
  18  1:37  Assimilator  
  18  1:39  Probe (Chrono Boost)  
  19  1:50  Probe (Chrono Boost)  
  19  1:53  Probe (Chrono Boost)  
  21  2:00  Cybernetics Core  
  21  2:02  Probe (Chrono Boost)  
  21  2:07  Probe (Chrono Boost)  
  23  2:15  Probe (Chrono Boost)  
  24  2:17  Probe (Chrono Boost)  
  25  2:25  Probe (Chrono Boost)  
  25  2:27  Probe (Chrono Boost)  
  27  2:36  Robotics Facility  
  27  2:40  Mothership Core (Chrono Boost)  
  27  2:42  Probe (Chrono Boost)  
  30  2:44  Warp Gate  
  30  2:49  Assimilator  
  30  2:52  Probe (Chrono Boost)  
  31  2:58  Probe (Chrono Boost)  
  31  3:02  Probe (Chrono Boost)  
  31  3:05  Sentry  
  35  3:08  Probe (Chrono Boost)  
  35  3:12  Probe (Chrono Boost)  
  37  3:17  Probe (Chrono Boost)  
  38  3:22  Immortal (Chrono Boost), Probe (Chrono Boost)  
  38  3:27  Probe  
  43  3:29  Pylon  
  44  3:36  Pylon  
  44  3:37  Probe x2  
  46  3:48  Sentry, Pylon  
  48  3:49  Probe  
  48  3:55  Probe  
  49  3:56  Immortal (Chrono Boost)  
  49  4:01  Probe  
  55  4:03  Pylon  
  55  4:10  Gateway  
  55  4:16  Gateway  
  55  4:21  Gateway  
  55  4:25  Gateway  
  55  4:26  Probe  
  55  4:27  Probe  
  57  4:36  Immortal (Chrono Boost)  
  61  4:42  Gateway  
  61  4:47  Gateway  
  61  4:53  Gateway  
  61  4:56  Sentry  
  63  5:09  Sentry  
  63  5:10  Pylon  
  65  5:15  Pylon  
  65  5:16  Observer (Chrono Boost)  
  65  5:17  Adept  
  68  5:22  Pylon  
  68  5:24  Adept  
  70  5:30  Probe  
  70  5:32  Probe  
  72  5:42  Adept x4  
  78  5:43  Adept  
  82  5:50  Pylon  
  82  5:53  Stalker  
  82  5:54  Stalker  
  86  5:57  Warp Prism (Chrono Boost)  
  85  6:13  Stalker  
  85  6:14  Stalker x3  
  85  6:23  Stalker  
  85  6:24  Stalker  
  86  6:29  Stalker x2  
  90  6:38  Stalker  
  90  6:39  Stalker  
  88  6:47  Stalker  
  88  6:48  Stalker x3  
  88  6:53  Zealot x2  
Tags
 
Add a new tag
Caveats
  • Supply blocks, unpowered buildings, or Contaminate may cause inaccurate times.
  • Supply counts are checked every 10 seconds.